Map: 바니 연구소 (공허의 유산)

Players

Classic - Winner!

  • Race: Protoss Protoss
  • Spawn Location: 6:00

GuMiho

  • Race: Terran Terran
  • League: Master
  • Spawn Location: 12:00

VOD

Have the link to the VOD?

Description

Time

  • Played on: Nov. 26, 2016, 5:32 a.m.
  • Length: 12:17
Show
View Real Time Build Order
Export as new Build Order

Classic Protoss - Winner!

Build Orders: Oracle Opening 

Get SALT Encoding   

  13  0:09  Pylon  
  13  0:13  Probe (Chrono Boost)  
  13  0:27  Gateway  
  13  0:30  Probe (Chrono Boost)  
  14  0:36  Assimilator  
  14  0:41  Probe (Chrono Boost)  
  15  0:46  Assimilator  
  15  0:52  Probe (Chrono Boost)  
  16  1:02  Probe (Chrono Boost)  
  17  1:13  Probe (Chrono Boost)  
  17  1:16  Cybernetics Core  
  18  1:23  Probe (Chrono Boost)  
  19  1:32  Pylon  
  19  1:34  Probe (Chrono Boost)  
  20  1:44  Probe (Chrono Boost)  
  21  1:53  Stargate  
  21  1:59  Mothership Core (Chrono Boost)  
  23  2:04  Adept  
  25  2:10  Warp Gate  
  25  2:22  Pylon  
  25  2:24  Probe (Chrono Boost)  
  26  2:31  Oracle  
  29  2:42  Pylon  
  29  2:56  Probe (Chrono Boost)  
  30  3:02  Oracle  
  30  3:08  Probe (Chrono Boost)  
  34  3:23  Probe (Chrono Boost)  
  35  3:33  Oracle  
  38  3:46  Probe (Chrono Boost)  
  38  4:03  Probe (Chrono Boost)  
  38  4:06  Phoenix  
  38  4:07  Nexus  
  41  4:17  Probe (Chrono Boost)  
  41  4:30  Pylon  
  41  4:33  Pylon  
  41  4:53  Probe (Chrono Boost), Adept  
  43  5:04  Probe (Chrono Boost), Robotics Facility  
  44  5:14  Probe (Chrono Boost)  
  44  5:17  Stalker  
  44  5:21  Probe (Chrono Boost)  
  48  5:25  Probe (Chrono Boost)  
  49  5:29  Gateway  
  49  5:31  Gateway  
  50  5:35  Probe (Chrono Boost)  
  50  5:37  Probe (Chrono Boost)  
  51  5:45  Stalker  
  51  5:46  Probe (Chrono Boost)  
  51  5:47  Probe (Chrono Boost)  
  51  5:49  Pylon  
  55  5:57  Probe (Chrono Boost)  
  55  5:58  Probe (Chrono Boost)  
  55  6:03  Observer  
  57  6:09  Twilight Council  
  57  6:11  Stalker, Forge  
  60  6:15  Probe x2 (Chrono Boost)  
  62  6:23  Pylon  
  62  6:25  Sentry x2  
  66  6:28  Assimilator  
  66  6:29  Assimilator  
  66  6:32  Pylon  
  66  6:34  Probe (Chrono Boost)  
  66  6:35  Observer  
  66  6:36  Probe (Chrono Boost)  
  69  6:41  Resonating Glaives  
  69  6:45  Probe (Chrono Boost)  
  71  6:48  Probe (Chrono Boost)  
  71  6:58  Nexus  
  71  7:06  Protoss Ground Armor Level 1  
  71  7:10  Adept x3  
  71  7:14  Pylon  
  77  7:17  Pylon  
  77  7:20  Probe (Chrono Boost)  
  77  7:21  Probe (Chrono Boost)  
  79  7:24  Immortal  
  83  7:37  Adept x3  
  89  7:49  Pylon  
  91  7:52  Probe x2 (Chrono Boost)  
  91  8:03  Adept x3  
  97  8:10  Probe (Chrono Boost), Observer  
  97  8:12  Probe x2 (Chrono Boost)  
  101  8:23  Adept x2, Gateway x2  
  101  8:24  Adept  
  107  8:27  Gateway  
  107  8:32  Probe (Chrono Boost)  
  107  8:33  Probe x2 (Chrono Boost)  
  110  8:45  Gateway  
  110  8:46  Adept x3  
  110  8:47  Gateway  
  116  8:49  Protoss Ground Weapons Level 1  
  116  9:00  Pylon  
  116  9:01  Probe (Chrono Boost)  
  118  9:03  Probe (Chrono Boost)  
  118  9:09  Adept x3  
  118  9:19  Adept x2, Warp Prism  
  118  9:21  Pylon  
  124  9:27  Pylon  
  124  9:31  Pylon, Blink  
  124  9:32  Pylon  
  124  9:43  Sentry x2  
  128  9:45  Pylon  
  128  9:51  Adept  
  128  9:52  Adept x5  
  140  10:12  Pylon  
  139  10:14  Stalker x3  
  139  10:15  Stalker x5  
  153  10:41  Adept x6  
  153  10:42  Adept x2  
  165  11:04  Stalker x6  
  165  11:05  Stalker x2  
  157  11:20  Assimilator  
  157  11:22  Pylon  
  157  11:31  Stalker x7  
  157  11:32  Adept  
  173  11:55  Stalker x4  
  173  11:56  Adept x4  
  189  12:02  Pylon x2  
Show
View Real Time Build Order
Export as new Build Order

GuMiho Terran 

Build Orders: Reaper Expand, MMM Bio 

Get SALT Encoding   

  12  0:00  SCV  
  13  0:13  SCV  
  14  0:19  Supply Depot  
  14  0:25  SCV  
  15  0:29  Refinery  
  15  0:41  SCV  
  16  0:45  Barracks  
  16  0:53  SCV  
  17  1:05  SCV  
  18  1:17  SCV  
  19  1:31  Orbital Command  
  19  1:32  Reaper  
  20  1:47  Command Center  
  20  1:57  SCV  
  20  2:01  Factory  
  21  2:07  Barracks Reactor  
  21  2:10  Supply Depot  
  21  2:12  SCV  
  22  2:18  Refinery  
  22  2:25  SCV  
  24  2:37  SCV  
  24  2:43  Marine x2  
  26  2:44  Widow Mine  
  26  2:45  Bunker  
  26  2:51  Engineering Bay  
  28  2:56  Bunker  
  27  3:01  Marine x2  
  29  3:07  Orbital Command  
  29  3:19  Marine x2  
  28  3:26  Widow Mine  
  28  3:40  Missile Turret  
  28  3:43  SCV  
  28  3:49  Marine x2  
  28  3:55  SCV  
  28  3:58  Widow Mine  
  30  4:09  Supply Depot  
  29  4:17  SCV  
  29  4:23  Starport  
  30  4:27  Marine x2  
  30  4:30  SCV  
  31  4:33  Supply Depot, SCV  
  31  4:36  Missile Turret  
  32  4:42  SCV  
  32  4:45  Marine x2  
  31  4:52  SCV  
  34  4:55  SCV  
  34  4:58  Supply Depot  
  35  5:00  Supply Depot  
  35  5:04  SCV  
  36  5:07  Barracks  
  36  5:11  Marine x2  
  36  5:13  SCV  
  39  5:16  SCV  
  39  5:19  Medivac  
  40  5:25  SCV  
  40  5:28  SCV  
  42  5:29  Marine x2  
  44  5:36  Barracks  
  44  5:38  SCV  
  45  5:47  Terran Infantry Weapons Level 1, Marine x2  
  45  5:49  SCV  
  48  5:50  SCV  
  46  5:57  Barracks Tech Lab  
  46  6:01  SCV  
  46  6:03  SCV  
  48  6:04  Marine  
  48  6:05  Supply Depot, Marine  
  50  6:13  SCV  
  50  6:14  Supply Depot  
  50  6:15  SCV  
  50  6:17  Stimpack  
  52  6:19  Marine  
  52  6:22  Bunker, Marine x2  
  55  6:25  Marine  
  55  6:30  SCV x2  
  58  6:33  Medivac  
  60  6:41  Supply Depot, Marine x3  
  60  6:43  Supply Depot  
  60  6:45  Marine  
  64  6:49  SCV x2  
  66  6:56  Supply Depot  
  66  6:58  Refinery  
  66  6:59  Marine  
  66  7:00  Supply Depot, Barracks Tech Lab  
  67  7:01  Marine  
  67  7:03  Marine  
  67  7:06  Starport Reactor, SCV  
  67  7:07  SCV  
  71  7:13  Supply Depot  
  71  7:17  Marine  
  71  7:19  Marine, SCV x2  
  71  7:21  Marine  
  76  7:24  Combat Shields, Marine  
  77  7:30  Supply Depot  
  77  7:31  SCV x2  
  77  7:34  Marine  
  79  7:37  Marine  
  79  7:39  Marine  
  79  7:42  Marine  
  79  7:43  SCV x2  
  82  7:52  Terran Infantry Armor Level 1  
  82  7:55  SCV x2  
  82  7:58  Command Center  
  83  8:01  Medivac  
  83  8:03  Medivac  
  87  8:07  SCV  
  87  8:10  Marine x3  
  87  8:12  Marine  
  94  8:25  Barracks  
  92  8:27  Barracks, Refinery  
  92  8:30  SCV x2  
  94  8:34  Marine x3  
  94  8:35  Marine  
  94  8:40  Medivac x2  
  102  8:52  Marine x3  
  102  8:53  SCV x2, Marine  
  108  9:00  Concussive Shells  
  108  9:01  Liberator x2  
  108  9:03  Supply Depot  
  108  9:04  Supply Depot  
  108  9:11  Marauder x2, Marine x2  
  111  9:19  Barracks Tech Lab  
  111  9:21  SCV  
  118  9:28  Barracks Reactor  
  118  9:29  Orbital Command  
  118  9:32  SCV  
  114  9:42  Marauder x3  
  114  9:43  Marine  
  121  9:46  SCV  
  121  9:47  SCV  
  121  9:50  Liberator  
  121  9:51  Marine  
  124  9:52  Liberator  
  124  9:55  Supply Depot  
  123  10:01  Reaper  
  123  10:02  SCV  
  123  10:03  Marauder x3  
  131  10:09  Supply Depot  
  131  10:13  SCV x2  
  138  10:20  Marine x2  
  140  10:21  Marine  
  140  10:24  Marauder x2  
  145  10:32  Marauder, Marine  
  145  10:34  SCV x3  
  151  10:38  Marine  
  151  10:41  Marine x2  
  154  10:46  Marauder, SCV  
  154  10:47  Supply Depot  
  154  10:49  Supply Depot  
  157  10:53  Factory  
  154  10:59  Marauder x2, Marine x3  
  154  11:00  Marine  
  154  11:03  Liberator  
  156  11:04  Liberator  
  156  11:10  Marauder  
  127  11:17  Marine x3  
  127  11:18  Marine  
  120  11:20  Marine  
  120  11:21  Marauder  
  129  11:31  Marine  
  129  11:32  Missile Turret  
  130  11:35  Marine x2  
  130  11:36  Marine x2  
  130  11:39  Marauder  
  136  11:40  SCV x3  
  136  11:42  Marauder  
  136  11:45  Factory Reactor  
  141  11:49  Marine  
  141  11:57  Supply Depot  
  141  11:58  Supply Depot, Marine x3  
  141  12:00  Supply Depot  
Tags
 
Add a new tag
Caveats
  • Supply blocks, unpowered buildings, or Contaminate may cause inaccurate times.
  • Supply counts are checked every 10 seconds.